 Dungeon Crawl Stone Soup version 0.23-a0-305-g7ffd15e (webtiles) character file.

581 namelastname112 the Shooter (level 7, -5/59 HPs)
             Began as a Black Draconian Hunter on Oct 9, 2018.
             Slain by a gnoll
             ... wielding a +0 spear
              (9 damage)
             ... on level 4 of the Dungeon.
             The game lasted 00:07:58 (4688 turns).

namelastname112 the Shooter (DrHu)                  Turns: 4688, Time: 00:07:58

Health: -5/59      AC:  7    Str: 14    XL:     7   Next: 13%
Magic:  7/7        EV: 13    Int: 11    God:
Gold:   170        SH:  0    Dex: 14    Spells: 6/6 levels left

rFire    . . .     SeeInvis .   b - +4 quarterstaff (chaos)
rCold    . . .     Gourm    .   (shield currently unavailable)
rNeg     . . .     Faith    .   (armour unavailable)
rPois    .         Spirit   .   (helmet restricted)
rElec    +         Reflect  .   v - +0 cloak
rCorr    .         Harm     .   (no gloves)
MR       .....                  (no boots)
Stlth    ++........             (no amulet)
HPRegen  0.19/turn              (no ring)
MPRegen  0.10/turn              (no ring)

@: no status effects
A: breathe lightning, unfitting armour, electricity resistance, cold-blooded, AC
+6
a: Breathe Lightning


You were on level 4 of the Dungeon.
You were not hungry.

You visited 1 branch of the dungeon, and saw 4 of its levels.

You collected 170 gold pieces.

Inventory:

Hand Weapons
 a - a +1 shortbow
 b - a +4 quarterstaff of chaos (weapon)
 u - a +0 dagger of flaming
Missiles
 c - 44 arrows
Armour
 v - a +0 cloak (worn)
Jewellery
 g - an uncursed ring of ice
Wands
 r - a wand of polymorph (14)
Scrolls
 i - 8 scrolls of identify {unknown}
 j - a scroll of random uselessness {unknown}
 k - a scroll of blinking {unknown}
 l - a scroll of fog {unknown}
 o - 3 scrolls of teleportation {unknown}
 p - 2 scrolls of remove curse {unknown}
 q - a scroll of enchant armour {unknown}
 t - a scroll of fear {unknown}
Potions
 e - 2 potions of degeneration {unknown}
 f - a potion of mutation {unknown}
 h - a potion of curing
 m - 2 potions of heal wounds
 n - a potion of flight {unknown}
 s - a potion of lignification {unknown}
Comestibles
 d - 7 rations
 w - 8 chunks of flesh


   Skills:
 + Level 4.2 Fighting
 * Level 5.7 Bows
 + Level 3.4 Dodging
 + Level 3.4 Stealth


You had 6 spell levels left.
You didn't know any spells.
Your spell library was empty.

Dungeon Overview and Level Annotations

Branches:
Dungeon (4/15)
 Temple: D:4-7

Altars:
Fedhas
Kikubaaqudgha
Okawaru
Qazlal


Innate Abilities, Weirdness & Mutations

You can breathe wild blasts of lightning.
Your glossy black scales are hard. (AC +6)
You cannot fit into any form of body armour.
You are resistant to electric shocks. (rElec)
You are cold-blooded and may be slowed by cold attacks.


Message History

You barely miss the gnoll.
The gnoll is severely wounded.
The gnoll barely misses you. The gnoll hits you but does no damage.
You thump the gnoll! You freeze the gnoll.
You kill the gnoll!
The gnoll barely misses you. The gnoll hits you with a spear.
* * * LOW HITPOINT WARNING * * *
Things that are here:
a spear; 7 gold pieces You take 3 damage, and have 9/59 hp.
You thump the gnoll!
The gnoll flickers and vanishes!
Deactivating autopickup; reactivate with Ctrl-A.
Something hits you.
* * * LOW HITPOINT WARNING * * *
You take 3 damage, and have 6/59 hp.
You barely miss something. Something hits you.
* * * LOW HITPOINT WARNING * * *
Something hits you!
You die...

###########################
.........P.)†.............#
.......P...÷.........P....#
≈≈≈≈≈≈≈≈≈≈)≈≈≈≈≈≈≈≈≈≈≈....#
≈≈≈≈≈≈≈≈≈≈≈≈≈≈≈≈≈≈≈≈≈≈....#
≈≈≈≈≈≈≈≈≈≈≈≈≈≈≈#####≈≈....#
........))@{.).#.gg#≈≈....#
##############'#...#≈≈P...#
#..))#'###≈≈....# #.g..#
#.≈≈≈....# ..........#
#.≈≈≈..P.# ....g.#''##
#.≈≈≈....# ......#...
#.≈≈≈....# ..... #....
#.≈≈≈....# ########## #####
#####.#.≈≈≈....#


There were no monsters in sight!

Vanquished Creatures
  A jelly (D:3)
  A gnoll shaman (D:4)
  An orc priest (D:4)
  4 orc wizards
  Jessica (D:3)
  Terence (D:3)
  A worker ant (D:2)
  A hound skeleton (D:4)
  Robin (D:4)
  11 gnolls
  6 adders
  An ooze (D:4)
  A worm (D:4)
  3 dart slugs
  2 leopard geckos
  9 orcs
  2 giant cockroaches
  15 goblins
  13 hobgoblins
  11 jackals (D:4)
  9 kobolds
  2 quokkas (D:4)
  A ball python (D:3)
  5 bats
  6 frilled lizards
  5 rats
  A fungus (D:3)
115 creatures vanquished.

Notes
Turn   | Place    | Note
-------+----------+-------------------------------------------
     0 | D:1      | namelastname112 the Draconian Hunter began the quest for
                  | the Orb.
     0 | D:1      | Reached XP level 1. HP: 17/17 MP: 1/1
    56 | D:1      | Reached skill level 1 in Stealth
    60 | D:1      | Reached XP level 2. HP: 17/25 MP: 2/2
   545 | D:1      | Reached skill level 4 in Bows
   703 | D:1      | Reached XP level 3. HP: 29/30 MP: 3/3
   964 | D:2      | Found a stormy altar of Qazlal.
  1130 | D:2      | Reached XP level 4. HP: 24/37 MP: 4/4
  1240 | D:2      | Found an iron altar of Okawaru.
  2020 | D:3      | Noticed Terence
  2248 | D:3      | Killed Terence
  2248 | D:3      | Reached XP level 5. HP: 9/45 MP: 5/5
  2976 | D:3      | Noticed Jessica
  2977 | D:3      | Killed Jessica
  3044 | D:3      | Reached skill level 5 in Bows
  3282 | D:3      | Found a runed door.
  3286 | D:3      | Noticed Crazy Yiuf
  3287 | D:3      | Noticed Crazy Yiuf
  3287 | D:3      | Crazy Yiuf changed into Crazy Yiuf the jelly
  3293 | D:3      | Killed Crazy Yiuf the jelly
  3293 | D:3      | Reached XP level 6. HP: 51/51 MP: 6/6
  3454 | D:4      | Found a blossoming altar of Fedhas.
  3782 | D:4      | Found an ancient bone altar of Kikubaaqudgha.
  4121 | D:4      | Noticed Robin
  4146 | D:4      | Killed Robin
  4648 | D:4      | Your scales start taking on a glossy black colour.
  4648 | D:4      | Reached XP level 7. HP: 43/59 MP: 7/7
  4648 | D:4      | Gained mutation: You are resistant to electric shocks.
                  | (rElec) [Black Draconian growth]
  4688 | D:4      | Slain by a gnoll

Vault maps used:
D:1:      tarquinn_simple_flora_water_a
D:2:      lemuel_coloured_pillars_altar, okawaru_metal_pillars_1_2
D:3:      uniq_crazy_yiuf_cottage, uniq_jessica, uniq_terence
D:4:      lemuel_castle_with_subvaults, nicolae_overflow_crystal_walls,
          fedhas_altar_fruit_tree, first_ration, uniq_robin

Skill      XL: |  1  2  3  4  5  6 |
---------------+-------------------+-----
Stealth        | 1 2 3 |  3.4
Dodging        | 2 3 |  3.4
Bows           | 4 5 |  5.7
Fighting       | 3 4 |  4.2

Action                   |  1- 3 |  4- 6 |  7- 9 || total
-------------------------+-------+-------+-------++-------
Melee: Short sword       |    68 |    31 |       ||    99
       Tailslap          |     7 |    35 |     3 ||    45
       Dagger            |       |   143 |       ||   143
       Quarterstaff      |       |    96 |    11 ||   107
 Fire: Shortbow          |    42 |    64 |       ||   106
Evoke: Wand              |       |     2 |       ||     2
  Use: Potion            |       |       |     1 ||     1
 Stab: Sleeping          |     2 |       |       ||     2
  Eat: Chunk             |     1 |     8 |       ||     9
       Ration            |       |     1 |       ||     1
Armor: Skin              |    32 |    63 |     4 ||    99
Dodge: Dodged            |    87 |   227 |     8 ||   322

Table legend:
 A = Non-vault XP
 B = Vault XP
 C = Vault XP percentage of total XP
 D = Non-vault monster count
 E = Vault monster count
 F = Vault count percentage of total count
                 A         B        C        D         E       F
            +---------+---------+-------+---------+---------+-------
      Total |     468 |     362 |  43.6 |      76 |      38 |  33.3
            +---------+---------+-------+---------+---------+-------
        D:1 |      47 |       0 |   0.0 |      21 |       0 |   0.0
        D:2 |      97 |       0 |   0.0 |      18 |       0 |   0.0
        D:3 |     155 |     116 |  42.8 |      26 |       3 |  10.3
        D:4 |     169 |     246 |  59.3 |      11 |      35 |  76.1
            +---------+---------+-------+---------+---------+-------
